 Dungeon Crawl Stone Soup version 0.26.1-11-gd32895ea62 (webtiles) character file.

Game seed: 4936123613275986525

858 infcreate the Sneak (level 7, -1/40 HPs)
             Began as a Vampire Necromancer on June 18, 2021.
             Slain by an elf zombie (3 damage)
             ... in an ossuary.
             The game lasted 00:21:31 (6030 turns).

infcreate the Sneak (Vampire Necromancer)           Turns: 6030, Time: 00:21:32

Health: -1/40      AC:  3    Str:  7    XL:     7   Next: 71%
Magic:  12/12      EV: 15    Int: 18    God:
Gold:   95         SH:  0    Dex: 16    Spells: 4/13 levels left

rFire    . . .     SeeInvis +   v - +0 rapier (curse)
rCold    + + .     Faith    .   (no shield)
rNeg     + + +     Spirit   .   a - +0 robe
rPois    ∞         Reflect  .   (no helmet)
rElec    .         Harm     .   w - +0 cloak
rCorr    .         Rampage  .   (no gloves)
Will     +....                  (no boots)
Stlth    +++++.....             (no amulet)
HPRegen  0.00/turn              d - ring of willpower
MPRegen  0.13/turn              (no ring)

@: bloodless
A: fangs 3, see invisible, unbreathing
a: Bat Form, Revivify


You were in an ossuary.
You visited 1 branch of the dungeon, and saw 5 of its levels.
You also visited: Ossuary.

You collected 195 gold pieces.
You spent 100 gold pieces at shops.


Innate Abilities, Weirdness & Mutations

You do not regenerate when monsters are visible.
You are frail without blood (-20% HP).
You can heal yourself when you bite living creatures.
You are immune to poison.
You have razor-sharp teeth.
You have supernaturally acute eyesight. (SInv)
You can survive without breathing.


   Skills:
 + Level 2.0 Fighting
 + Level 2.4 Short Blades
 * Level 4.6 Dodging
 * Level 6.4 Stealth
 + Level 1.8 Shields
 * Level 3.9 Spellcasting
 * Level 6.1 Necromancy


You had 4 spell levels left.
You knew the following spells:

 Your Spells              Type           Power        Failure   Level
a - Animate Skeleton      Necr           50%          1%          1
d - Animate Dead          Necr           12%          12%         4
p - Pain                  Necr           100%         1%          1
v - Vampiric Draining     Necr           12%          3%          3

Your spell library contained the following spells:

 Spells                   Type           Power        Failure   Level
 Foxfire                  Conj/Fire      12%          16%         1
 Summon Small Mammal      Summ           12%          16%         1
 Call Imp                 Summ           3%           22%         2
 Call Canine Familiar     Summ           3%           41%         3
 Conjure Flame            Conj/Fire      3%           41%         3
 Inner Flame              Hex/Fire       3%           41%         3
 Summon Guardian Golem    Hex/Summ       3%           41%         3
 Sticky Flame             Conj/Fire      3%           83%         4
 Summon Ice Beast         Ice/Summ       3%           83%         4
 Summon Lightning Spire   Summ/Air       3%           83%         4
 Agony                    Necr           25%          32%         5
 Fireball                 Conj/Fire      1%           99%         5

Inventory:

Hand Weapons
 l - a +0 dagger
 v - a cursed +0 rapier (weapon)
Armour
 a - a +0 robe (worn)
 n - a +0 buckler
 w - a +0 cloak (worn)
Jewellery
 d - a ring of willpower (left hand)
Wands
 x - a wand of random effects (9)
Scrolls
 b - a scroll of blinking {unknown}
 c - a scroll of teleportation {@r4}
 m - a scroll of enchant armour {unknown}
 p - a scroll of remove curse {@r2}
 u - a scroll of enchant weapon {unknown}
Potions
 f - a potion of brilliance {unknown}
 g - 2 potions of curing {@q1}
 h - a potion of mutation {unknown}
 i - a potion of flight {unknown}
 j - a potion of haste {@q3}
 k - 2 potions of invisibility
 q - 2 potions of degeneration
 r - a potion of cancellation {unknown}
 t - 2 potions of berserk rage {!q}

Dungeon Overview and Level Annotations

Branches:
Dungeon (5/15)             Temple (0/1) D:5         Ossuary (1/1)

Altars:
Ashenzari
Elyvilon
Hepliaklqana
Okawaru
Trog

Shops:
D:4 (

Annotations:
D:4 Eustachio

▒..▒ ▒..# ▒..▒
▒.∩# ▒..▒ ▒..#
▒▒..▒▒ ▒▒..#
▒....▒ ▒...#
▒....▒ ▒...#
▒▒....▒▒ ▒▒...#
▒▒▒.....Z▒+▒....#
..........@......#
.................#
##################


You could see an elf zombie.


Message History

The elf zombie is heavily damaged.
The elf zombie completely misses you.
You hit the elf zombie.
The elf zombie is heavily damaged.
The elf zombie hits you.
* * * LOW HITPOINT WARNING * * *
You barely miss the elf zombie.
The elf zombie is heavily damaged.
The elf zombie hits you.
* * * LOW HITPOINT WARNING * * *
You hit the elf zombie.
The elf zombie is severely damaged.
The elf zombie closely misses you.
You hit the elf zombie.
The elf zombie is severely damaged.
You hit the elf zombie.
The elf zombie is severely damaged.
The elf zombie hits you.
* * * LOW HITPOINT WARNING * * *
You hit the elf zombie.
The elf zombie is almost destroyed.
The elf zombie hits you but does no damage.
You closely miss the elf zombie.
The elf zombie is almost destroyed.
The elf zombie hits you.
* * * LOW HITPOINT WARNING * * *
You hit the elf zombie.
The elf zombie is almost destroyed.
The elf zombie hits you.
You die...

Skill      XL: |  1  2  3  4  5  6  7 |
---------------+----------------------+-----
Short Blades   | 1 2 |  2.4
Stealth        | 4 5 6 |  6.4
Dodging        | 3 4 |  4.6
Necromancy     | 5 6 |  6.1
Fighting       | 1 2 |  2.0
Spellcasting   | 3 |  3.9
Shields        | 1 |  1.8

Action                   |  1- 3 |  4- 6 |  7- 9 || total
-------------------------+-------+-------+-------++-------
Melee: Unarmed           |     7 |       |       ||     7
       Bite              |     2 |     3 |     4 ||     9
       Dagger            |     5 |    36 |    15 ||    56
       Club              |     1 |       |       ||     1
       Rapier            |       |       |    64 ||    64
 Cast: Pain              |    89 |    72 |     4 ||   165
       Vampiric Draining |       |     8 |     6 ||    14
 Abil: Exsanguinate      |     1 |       |       ||     1
  Use: Scroll            |     2 |     3 |     4 ||     9
       Potion            |       |       |     2 ||     2
 Stab: Sleeping          |     2 |     8 |     5 ||    15
Armor: Robe              |    11 |     7 |    10 ||    28
Dodge: Dodged            |    24 |    28 |    68 ||   120

Levels and vault maps discovered:
D:1:      arrival_aquarium_a, layout_basic
D:2:      layout_loops_ring, old_standard_altar, solitary_fountain,
          uniq_crazy_yiuf_cottage
D:3:      layout_basic, chequers_ecumenical_altar_simple_redux,
          hex_intersection, fountainhead
D:4:      layout_basic, grunt_temple_overflow_bloody_war,
          nicolae_overflow_hidden_temple, ashenzari_conservatory_becter,
          serial_shops, nicolae_shop_overgrown_old_shop, uniq_eustachio,
          uniq_edmund
D:5:      layout_basic, temple_fountains, enter_ossuary_1,
          chequers_serial_rivers_small_3
Ossuary:  minmay_ossuary_two_tombs

Notes
Turn   | Place    | Note
-------+----------+-------------------------------------------
     0 | D:1      | infcreate the Vampire Necromancer began the quest for the
                  | Orb.
     0 | D:1      | Reached XP level 1. HP: 13/13 MP: 3/3
     1 | D:1      | Noticed an electric eel
   340 | D:1      | Reached XP level 2. HP: 15/15 MP: 3/5
   342 | D:1      | Learned a level 1 spell: Animate Skeleton
  1101 | D:1      | Reached XP level 3. HP: 20/20 MP: 1/6
  1408 | D:2      | Found a white marble altar of Elyvilon.
  1570 | D:2      | Learned a level 3 spell: Vampiric Draining
  1670 | D:2      | Reached skill level 1 in Short Blades
  1719 | D:2      | Found a runed translucent door.
  2031 | D:2      | Reached skill level 4 in Stealth
  2031 | D:2      | Reached XP level 4. HP: 19/24 MP: 0/7
  2124 | D:2      | Noticed an ogre
  2485 | D:3      | Found a faded altar of an unknown god.
  2656 | D:3      | Reached skill level 3 in Dodging
  2768 | D:3      | Reached skill level 5 in Necromancy
  2973 | D:3      | Reached skill level 1 in Fighting
  3066 | D:4      | Noticed an ogre
  3417 | D:4      | Reached XP level 5. HP: 28/29 MP: 5/9
  3465 | D:4      | Noticed Eustachio
  3643 | D:4      | Noticed an ogre
  3737 | D:4      | Found Heinna Nuko's Antique Weapon Boutique.
  3768 | D:4      | Reached skill level 3 in Spellcasting
  3828 | D:4      | Bought a rapier for 100 gold pieces
  3934 | D:4      | Found a hazy altar of Hepliaklqana.
  4253 | D:4      | Learned a level 4 spell: Animate Dead
  4360 | D:4      | Found a broken altar of Ashenzari.
  4361 | D:4      | Noticed Edmund
  4452 | D:4      | Found a bloodstained altar of Trog.
  4452 | D:4      | Found an iron altar of Okawaru.
  4744 | D:2      | Killed an ogre
  4745 | D:2      | Reached skill level 5 in Stealth
  4745 | D:2      | Reached skill level 1 in Shields
  4745 | D:2      | Reached XP level 6. HP: 15/34 MP: 0/10
  4917 | D:2      | Noticed Crazy Yiuf
  4924 | D:2      | Killed Crazy Yiuf
  5074 | D:4      | Reached skill level 2 in Short Blades
  5245 | D:4      | Killed Edmund
  5246 | D:4      | Reached skill level 4 in Dodging
  5246 | D:4      | Reached XP level 7. HP: 38/39 MP: 2/12
  5372 | D:4      | Reached skill level 6 in Stealth
  5466 | D:5      | Entered Level 5 of the Dungeon
  5512 | D:5      | Found a sand-covered staircase.
  5519 | D:5      | Reached skill level 2 in Fighting
  5536 | D:5      | Reached skill level 6 in Necromancy
  5766 | Ossuary  | Entered an ossuary
  6029 | Ossuary  | HP: 2/40 [elf zombie (5)]
  6030 | Ossuary  | Slain by an elf zombie

Vanquished Creatures
  Edmund (D:4)
  3 ogres
  2 centaurs (D:5)
  A scorpion (D:4)
  A hound (D:4)
  Crazy Yiuf (D:2)
  A worker ant (D:4)
  A hound zombie (Ossuary)
  6 adders
  A gnoll (D:4)
  2 adder zombies (Ossuary)
  An adder skeleton (D:4)
  4 dart slugs (D:1)
  3 leopard geckos
  6 orcs
  2 ball pythons
  8 bats
  6 giant cockroaches
  12 hobgoblins
  6 kobolds
  2 quokkas (D:4)
  A ball python skeleton (D:4)
  6 frilled lizards
  A gnoll zombie (Ossuary)
  6 goblins
  A goblin zombie (Ossuary)
  2 hobgoblin zombies (Ossuary)
  A jackal skeleton (D:4)
  A jackal zombie (Ossuary)
  A kobold zombie (Ossuary)
  2 quokka zombies (Ossuary)
  5 rats
97 creatures vanquished.

Table legend: (Time is in decaauts)
 A = Elapsed time spent in this place.
 B = Non-inter-level travel time spent in this place.
 C = Inter-level travel time spent in this place.
 D = Time resting spent in this place.
 E = Time spent auto-exploring this place.
 F = Levels seen in this place.
 G = Mean time per level.
                   A        B        C        D        E       F      G
               +--------+--------+--------+--------+--------+-----+--------+
         Total |   6035 |   5496 |    539 |   2445 |      0 |   6 | 1005.8 |
       Dungeon |   5768 |   5229 |    539 |   2318 |      0 |   5 | 1153.6 |
       Ossuary |    266 |    266 |      0 |    127 |      0 |   1 |  266.0 |
               +--------+--------+--------+--------+--------+-----+--------+

Top non-repeatable levels by time:
     D:4: 2163 daAuts
     D:1: 1408 daAuts
     D:2: 1275 daAuts
     D:3: 882 daAuts
 Ossuary: 266 daAuts
     D:5: 40 daAuts

Table legend:
 A = Non-vault XP
 B = Vault XP
 C = Vault XP percentage of total XP
 D = Non-vault monster count
 E = Vault monster count
 F = Vault count percentage of total count
                 A         B        C        D         E       F
            +---------+---------+-------+---------+---------+-------
      Total |     954 |     273 |  22.2 |      83 |      14 |  14.4
            +---------+---------+-------+---------+---------+-------
        D:1 |      55 |       0 |   0.0 |      27 |       0 |   0.0
        D:2 |     194 |      42 |  17.8 |      20 |       1 |   4.8
        D:3 |      45 |       0 |   0.0 |      13 |       0 |   0.0
        D:4 |     433 |     191 |  30.6 |      21 |       2 |   8.7
        D:5 |     227 |       0 |   0.0 |       2 |       0 |   0.0
    Ossuary |       0 |      40 | 100.0 |       0 |      11 | 100.0
            +---------+---------+-------+---------+---------+-------
